 Dungeon Crawl Stone Soup version 0.25.1-4-g9407a263a5 (webtiles) character file.

Game seed: 9095898956208105277

150638 Erymatos the Warrior (level 16, -19/152 HPs)
             Began as a Minotaur Berserker on Nov 27, 2020.
             Was a High Priest of Trog.
             Demolished by a redback (20 damage)
             ... on level 4 of the Spider Nest.
             The game lasted 01:22:02 (33374 turns).

Erymatos the Warrior (Minotaur Berserker)          Turns: 33374, Time: 01:22:02

Health: -19/152    AC: 26    Str: 28 (29) XL:     16   Next: 99%
Magic:  0/5        EV: 15    Int:  4      God:    Trog [*****.]
Gold:   1568       SH: 25    Dex: 16      Spells: 15/15 levels left

rFire    + . .     SeeInvis +   X - +1 broad axe (antimagic)
rCold    + . .     Gourm    .   Q - +2 kite shield
rNeg     . . .     Faith    .   C - +2 plate armour {MR+}
rPois    +         Spirit   +   (helmet restricted)
rElec    .         Reflect  .   R - +1 cloak {rCorr}
rCorr    +         Harm     .   j - +0 pair of gloves
MR       ++++.                  F - +2 pair of boots
Stlth    ..........             h - brooch of Shielding {Spirit SH+8}
HPRegen  1.35/turn              V - ring of Bid Toga {rPois rF+ rC+ SInv Stlth-}
MPRegen  0.09/turn              Z - +6 ring of dexterity

@: marked, berserk cooldown, regenerating (expiring), slowed, very slow
A: retaliatory headbutt, horns 2
a: Berserk, Trog's Hand, Brothers in Arms, Renounce Religion


You were on level 4 of the Spider Nest.
You worshipped Trog.
Trog was extremely pleased with you.
You were very hungry.

You visited 4 branches of the dungeon, and saw 26 of its levels.
You also visited: Ossuary.

You collected 2531 gold pieces.
You spent 963 gold pieces at shops.

Inventory:

Hand Weapons
 G - a +8 vorpal great mace
 M - the +7 trident of Lies {freeze, Str+5}
   (You found it on level 4 of the Spider Nest)

   It has been specially enchanted to freeze those struck by it, causing extra
   injury to most foes and up to half again as much damage against particularly
   susceptible opponents.
   It can also slow down cold-blooded creatures.
   It affects your strength (+5).
 W - a +2 morningstar of protection
 X - a +1 antimagic broad axe (weapon)
Armour
 j - a +0 pair of gloves (worn)
 p - a +2 plate armour of fire resistance
 C - a +2 plate armour of magic resistance (worn)
 F - a +2 pair of boots (worn)
 O - a scarf of resistance
 Q - a +2 kite shield (worn)
 R - a +1 cloak of preservation (worn)
Jewellery
 h - the brooch of Shielding (around neck) {Spirit SH+8}
   (You found it on level 2 of the Spider Nest)

   [amulet of guardian spirit]

   It causes incoming damage to be split between your health and magic.
   It affects your SH (+8).
 m - an uncursed amulet of reflection
 o - an uncursed amulet of magic regeneration {unknown}
 N - a +4 ring of protection
 V - the ring of Bid Toga (left hand) {rPois rF+ rC+ SInv Stlth-}
   (You bought it in a shop on level 2 of the Orcish Mines)

   [ring of protection from fire]

   It protects you from fire.
   It protects you from cold.
   It protects you from poison.
   It lets you see invisible.
   It makes you less stealthy.
 Z - a +6 ring of dexterity (right hand)
Wands
 i - a wand of clouds (8)
 u - a wand of digging (6)
 v - a wand of flame (27)
 E - a wand of iceblast (57)
 P - a wand of paralysis (9)
 U - a wand of acid (30)
Scrolls
 a - 2 scrolls of brand weapon {unknown}
 b - 3 scrolls of silence
 d - a scroll of noise {unknown}
 g - 11 scrolls of teleportation
 k - 6 scrolls of fear
 l - 5 scrolls of magic mapping
 r - 14 scrolls of remove curse
 s - a scroll of torment {unknown}
 y - 7 scrolls of enchant armour
 A - a scroll of fog {unknown}
 D - 5 scrolls of enchant weapon {unknown}
 I - 4 scrolls of random uselessness {unknown}
 K - 2 scrolls of holy word
 L - a scroll of immolation {unknown}
 S - 2 scrolls of blinking {unknown}
 Y - 2 scrolls of summoning {unknown}
Potions
 e - 9 potions of stabbing
 f - 4 potions of lignification
 n - 3 potions of heal wounds
 q - a potion of resistance
 t - 8 potions of curing
 w - 3 potions of haste
 x - a potion of mutation
 z - 2 potions of cancellation {unknown}
 B - 3 potions of ambrosia {unknown}
 H - 2 potions of might
 J - 4 potions of flight
Comestibles
 c - 38 rations
 T - 3 chunks of flesh


   Skills:
 + Level 16.3 Fighting
 - Level 15.9(18.2) Axes
 - Level 14.7(17.4) Maces & Flails
 + Level 4.9(11.7) Polearms
 + Level 14.6 Armour
 * Level 11.1 Dodging
 - Level 1.0 Stealth
 + Level 15.2 Shields


You had 15 spell levels left.
You didn't know any spells.
Your spell library was empty.

Dungeon Overview and Level Annotations

Branches:
Dungeon (14/15)            Temple (0/1) D:7            Lair (6/6) D:10
  Swamp (0/4) Lair:4       Spider (4/4) Lair:4        Slime (0/5) Lair:6
    Orc (2/2) D:11            Elf (0/3) Orc:2        Vaults (0/5) D:13
Ossuary (visited)

Altars:
Ashenzari
Kikubaaqudgha
Sif Muna
The Shining One
Beogh
Lugonu

Shops:
D:4 :   D:10 !   Orc:2 ==(*

Portals:
Abyss: D:1


Innate Abilities, Weirdness & Mutations

You reflexively headbutt those who attack you in melee.
You have a pair of horns on your head.


Message History

The emperor scorpion claws you.
* * * LOW HITPOINT WARNING * * *
The emperor scorpion completely misses you.
The ghost moth falters for a moment.
The moth of wrath bites you!
* * * LOW HITPOINT WARNING * * *
You completely miss the emperor scorpion.
Your headbutt misses the emperor scorpion.
The emperor scorpion is severely wounded.
You hit the moth of wrath. You closely miss the ghost moth.
You barely miss the emperor scorpion. You slash the redback!
You feel the effects of Trog's Hand fading.
You block the redback's attack. The emperor scorpion barely misses you.
You furiously retaliate!
You headbutt the emperor scorpion.
The emperor scorpion claws you but does no damage. x2
You block the emperor scorpion's attack.
The emperor scorpion claws you.
* * * LOW HITPOINT WARNING * * *
You block the emperor scorpion's attack.
The redback bites you!!
You die...

##... .^ .^. #.... ...
^^ ##### ##.... .^.##.
##^≈^### ##^....
.....$##....≈^####^.≈^..
^....ss^s.s....^########
.........°......^≈^.≈.^≈
.....○sys......#........
..^^.ss@y†s.......^.^...
..##.○s^^......#^...^^^^
...°^#####^≈..≈...^...^.
..^s ########......^ ^..
######## .^ #.^^.≈.≈ .
##...... ##..... ##....


You could see 2 emperor scorpions, a ghost moth (invisible), a moth of wrath, 4
orb spiders, 3 jumping spiders, a tarantella and a redback (berserk).

Vanquished Creatures
  Rupert (D:13)
  The ghost of raetorn the Earth Mage, an adept DsWz of Sif Muna (Spider:4)
  Kirke (Spider:1)
  3 emperor scorpions
  2 orc warlords
  3 ghost moths (Spider:4)
  4 entropy weavers
  A spark wasp (Spider:4)
  A fire dragon (Lair:6)
  Josephine (D:10)
  8 hydras
  2 centaur warriors (D:14)
  6 two-headed ogres
  6 death yaks
  7 dancing weapons (Spider:2)
  An ogre mage (D:13)
  4 orc high priests (Orc:2)
  3 skeletal warriors (D:14)
  3 orc knights
  14 orb spiders
  2 unseen horrors
  A lindwurm (Lair:6)
  2 deep elf magi (D:14)
  4 ugly things
  6 orc sorcerers
  12 elephants
  24 wolf spiders
  4 cyclopes
  A manticore (D:14)
  Maurice (D:11)
  Joseph (Lair:1)
  4 black mambas
  17 spiny frogs
  7 molten gargoyles
  2 torpor snails
  Maggie (Lair:1)
  A centaur skeleton (D:13)
  15 komodo dragons
  2 yaktaurs (D:13)
  3 rime drakes
  6 demonic crawlers
  2 polar bears
  4 hornets (Spider:4)
  30 jumping spiders
  5 trolls
  A meliai zombie (D:14)
  2 bog bodies (Lair:4)
  4 dream sheep (Lair:5)
  17 blink frogs
  11 hippogriffs
  67 redbacks
  39 tarantellas
  7 wraiths
  A centaur simulacrum (D:14)
  A vampire (D:13)
  42 yaks
  4 wyverns (Lair:6)
  3 hogs (Spider:1)
  4 basilisks
  A hog (shapeshifter) (D:12)
  A hungry ghost (D:11)
  2 steam dragons
  4 vampire mosquitoes (D:14)
  Menkaure (D:7)
  5 wargs
  3 hell hounds (Lair:6)
  A soldier ant (D:13)
  7 porcupines
  8 water moccasins
  11 ice beasts
  47 orc warriors
  A black bear (D:10)
  8 sky beasts
  A necrophage (D:14)
  A wolf (D:14)
  22 ogres
  A phantom (D:2)
  A boggart (D:13)
  14 centaurs
  12 crocodiles
  8 big kobolds
  An elf zombie (Ossuary)
  14 bullfrogs
  5 gnoll sergeants
  2 scorpions
  4 killer bees (D:11)
  4 howler monkeys
  3 bullfrog zombies
  5 electric eels
  5 crimson imps
  3 centaur zombies
  5 lava snakes
  A human zombie (Ossuary)
  6 jellies
  25 orc priests
  2 bullfrog skeletons
  5 hounds
  21 orc wizards
  8 worker ants
  Ijyb (D:5)
  2 killer bee zombies
  3 big kobold zombies (Ossuary)
  A hound zombie (D:7)
  3 hound skeletons
  4 mummies
  19 gnolls
  7 adders
  4 white imps (D:14)
  3 oozes
  2 adder skeletons (D:7)
  8 adder zombies
  A worm (D:4)
  A dart slug (D:3)
  A leopard gecko (D:3)
  106 orcs
  A ball python (D:4)
  5 bats
  3 giant cockroaches
  A gnoll zombie (Ossuary)
  6 goblins
  3 hobgoblins
  7 jackals (D:4)
  4 kobolds
  10 quokkas
  2 frilled lizards
  4 goblin zombies (Ossuary)
  3 hobgoblin zombies (Ossuary)
  4 jackal zombies
  4 kobold zombies (Ossuary)
  2 orc zombies (Ossuary)
  3 quokka zombies (Ossuary)
  8 rats
  2 rat zombies (Ossuary)
  A plant (D:11)
950 creatures vanquished.

Vanquished Creatures (collateral kills)
  An entropy weaver (Spider:1)
  2 orc knights (Orc:2)
  A manticore (D:11)
  A torpor snail (Spider:1)
  2 komodo dragons (Lair:6)
  3 tarantellas
  2 redbacks
  2 wyverns (Lair:6)
  2 basilisks
  A steam dragon (Lair:6)
  A crocodile (D:10)
  A big kobold (D:13)
  An orc priest (Orc:2)
  A shadow imp (D:10)
  2 orcs (Orc:2)
  A kobold (D:13)
24 creatures vanquished.

Vanquished Creatures (others)
  4 blink frogs (Lair:6)
  A lava snake (Lair:6)
  An orc (Orc:1)
  A plant (Lair:3)
7 creatures vanquished.

Grand Total: 981 creatures vanquished

Notes
Turn   | Place    | Note
-------+----------+-------------------------------------------
     0 | D:1      | Erymatos the Minotaur Berserker began the quest for the
                  | Orb.
     0 | D:1      | Reached XP level 1. HP: 19/19 MP: 0/0
   401 | D:1      | Reached skill level 4 in Fighting
   770 | D:1      | Found a corrupted altar of Lugonu.
   770 | D:1      | Found a one-way gate to the infinite horrors of the Abyss.
   770 | D:1      | Noticed a demonic crawler
   770 | D:1      | Noticed a quasit
   770 | D:1      | Noticed an iron imp
   770 | D:1      | Noticed a demonic crawler
   770 | D:1      | Noticed an iron imp
   772 | D:1      | Reached XP level 2. HP: 27/27 MP: 1/1
   775 | D:1      | Noticed a demonic crawler
   877 | D:2      | Noticed a phantom
   900 | D:2      | Killed a phantom
   900 | D:2      | Reached skill level 5 in Fighting
   900 | D:2      | Reached XP level 3. HP: 5/36 MP: 2/2
   900 | D:2      | Reached XP level 4. HP: 5/42 MP: 3/3
  1249 | D:2      | Found an ancient bone altar of Kikubaaqudgha.
  1848 | D:3      | Reached XP level 5. HP: 48/48 MP: 4/4
  1854 | D:3      | Reached ** piety under Trog
  1855 | D:3      | Reached skill level 5 in Axes
  2170 | D:3      | Noticed a hippogriff
  2178 | D:3      | Killed a hippogriff
  2178 | D:3      | Reached skill level 1 in Stealth
  2178 | D:3      | Reached XP level 6. HP: 57/57 MP: 5/5
  2542 | D:4      | Found Ocihaogo's Book Emporium.
  2783 | D:4      | Reached XP level 7. HP: 62/62 MP: 6/6
  3327 | D:5      | Entered Level 5 of the Dungeon
  3379 | D:5      | Noticed Ijyb
  3452 | D:5      | Found a sand-covered staircase.
  3463 | Ossuary  | Entered an ossuary
  3580 | Ossuary  | Reached skill level 6 in Fighting
  3584 | Ossuary  | Reached *** piety under Trog
  3791 | Ossuary  | Reached skill level 5 in Armour
  3934 | D:5      | Killed Ijyb
  3956 | D:5      | Reached XP level 8. HP: 71/71 MP: 7/7
  3991 | D:5      | Reached **** piety under Trog
  4520 | D:6      | Reached skill level 1 in Shields
  4592 | D:6      | Reached skill level 7 in Fighting
  4804 | D:6      | Reached skill level 10 in Axes
  4884 | D:6      | Reached XP level 9. HP: 67/79 MP: 8/8
  5569 | D:7      | Got an ichor-stained robe
  5708 | D:7      | Found a staircase to the Ecumenical Temple.
  5774 | D:7      | Reached ***** piety under Trog
  5798 | D:7      | Noticed Menkaure
  5804 | D:7      | Killed Menkaure
  5804 | D:7      | Reached skill level 8 in Fighting
  5998 | D:7      | Identified the +2 robe "Fonneakk" {rN+} (You found it on
                  | level 7 of the Dungeon)
  6054 | D:8      | Noticed a troll
  6061 | D:8      | Killed a troll
  6072 | D:8      | Found a glowing golden altar of the Shining One.
  6584 | D:9      | Reached XP level 10. HP: 87/90 MP: 9/9
  7212 | D:10     | Entered Level 10 of the Dungeon
  7216 | D:10     | Noticed Josephine
  7229 | D:10     | Killed Josephine
  7229 | D:10     | Reached skill level 9 in Fighting
  7229 | D:10     | Reached skill level 5 in Dodging
  7509 | D:10     | Found Anaofiqae's Distillery.
  7547 | D:10     | Bought a potion of curing for 48 gold pieces
  7547 | D:10     | Bought a potion of heal wounds for 80 gold pieces
  7547 | D:10     | Bought a potion of might for 64 gold pieces
  7547 | D:10     | Bought a potion of lignification for 48 gold pieces
  7749 | D:10     | Found a staircase to the Lair.
  7840 | D:10     | Noticed an elephant
  7849 | D:10     | Killed an elephant
  7849 | D:10     | Reached XP level 11. HP: 94/99 MP: 10/10
  8107 | D:11     | Found a staircase to the Orcish Mines.
  8127 | D:11     | Reached skill level 10 in Fighting
  8308 | D:11     | Reached skill level 5 in Shields
  8445 | D:11     | Received a gift from Trog
  8874 | D:11     | Noticed Maurice
  8890 | D:11     | Killed Maurice
  8890 | D:11     | Reached skill level 15 in Axes
  9012 | D:11     | Killed an unseen horror
  9773 | Orc:1    | Entered Level 1 of the Orcish Mines
  9904 | Orc:1    | Found a frozen archway.
 10135 | Orc:2    | Entered Level 2 of the Orcish Mines
 10146 | Orc:2    | Received a gift from Trog
 10156 | Orc:2    | Reached skill level 11 in Fighting
 10981 | Orc:2    | Found a roughly hewn altar of Beogh.
 11006 | Orc:2    | Found Moezyog's Jewellery Emporium.
 11006 | Orc:2    | Noticed an orc knight
 11030 | Orc:2    | Killed an orc knight
 11030 | Orc:2    | Reached XP level 12. HP: 13/110 MP: 11/11
 11043 | Orc:2    | Bought the ring of Bid Toga {rPois rF+ rC+ SInv Stlth-} for
                  | 598 gold pieces
 11532 | Orc:2    | Noticed a two-headed ogre
 11540 | Orc:2    | Reached skill level 1 in Maces & Flails
 11554 | Orc:2    | Killed a two-headed ogre
 11711 | Orc:2    | Found Gathreitt's Jewellery Shoppe.
 12096 | Orc:2    | Noticed a two-headed ogre
 12102 | Orc:2    | Killed a two-headed ogre
 12204 | Orc:2    | Noticed a two-headed ogre
 12212 | Orc:2    | Killed a two-headed ogre
 12379 | Orc:2    | Reached skill level 5 in Maces & Flails
 12430 | Orc:2    | Found a staircase to the Elven Halls.
 12508 | Orc:2    | Received a gift from Trog
 12618 | Orc:2    | Noticed an orc high priest
 12623 | Orc:2    | Noticed an orc warlord
 12633 | Orc:2    | Killed an orc high priest
 12633 | Orc:2    | Reached skill level 12 in Fighting
 12642 | Orc:2    | Killed an orc warlord
 13007 | Orc:2    | Noticed an orc high priest
 13026 | Orc:2    | Killed an orc high priest
 13146 | Orc:2    | Found a roughly hewn altar of Beogh.
 13169 | Orc:2    | Found Tutonur's Weapon Emporium.
 13269 | Orc:2    | Noticed an orc high priest
 13288 | Orc:2    | Killed an orc high priest
 13636 | Orc:2    | Found Yphepeud's Assorted Antiques.
 13636 | Orc:2    | Noticed an orc high priest
 13647 | Orc:2    | Killed an orc high priest
 13668 | Orc:2    | Bought a scroll labeled LULAUG MANAROQ for 25 gold pieces
 13668 | Orc:2    | Bought a scroll labeled RAWUDIV UDITS for 25 gold pieces
 13668 | Orc:2    | Bought a scroll labeled DUECWI DEENGE for 25 gold pieces
 13668 | Orc:2    | Bought a scroll labeled SICLUIS NUBRUSK for 25 gold pieces
 13668 | Orc:2    | Bought a scroll labeled RAWUDIV UDITS for 25 gold pieces
 14011 | Orc:1    | Reached XP level 13. HP: 119/119 MP: 12/12
 14033 | Orc:1    | Reached ****** piety under Trog
 14056 | Orc:1    | Reached skill level 10 in Armour
 14056 | Orc:1    | Noticed an orc warlord
 14066 | Orc:2    | Received a gift from Trog
 14180 | Orc:1    | Killed an orc warlord
 15083 | Lair:1   | Entered Level 1 of the Lair of Beasts
 15090 | Lair:1   | Noticed Joseph
 15105 | Lair:1   | Killed Joseph
 15119 | Lair:1   | Reached skill level 10 in Maces & Flails
 15879 | Lair:1   | Noticed Maggie
 15888 | Lair:1   | Killed Maggie
 17072 | Lair:2   | Received a gift from Trog
 17607 | Lair:3   | Reached skill level 13 in Fighting
 18641 | Lair:3   | Found a shattered altar of Ashenzari.
 18898 | Lair:4   | Reached XP level 14. HP: 113/129 MP: 13/13
 19136 | Lair:4   | Found a staircase to the Swamp.
 19577 | Lair:4   | Found a hole to the Spider Nest.
 20655 | Lair:5   | Received a gift from Trog
 20968 | Lair:5   | Reached skill level 10 in Shields
 21751 | Lair:6   | Entered Level 6 of the Lair of Beasts
 21780 | Lair:6   | Found a staircase to the Slime Pits.
 22809 | Lair:6   | Found a large runed translucent door.
 22809 | Lair:6   | Found a large runed translucent door.
 22932 | Lair:6   | Reached skill level 14 in Fighting
 23551 | D:12     | Found a shimmering blue altar of Sif Muna.
 23745 | D:12     | Reached XP level 15. HP: 138/138 MP: 14/14
 24068 | D:12     | Received a gift from Trog
 24081 | D:12     | You fall into a shaft and drop 1 floor!
 24095 | D:13     | Noticed Rupert
 24109 | D:13     | Killed Rupert
 24540 | D:13     | Found a gate to the Vaults.
 25676 | D:14     | Received a gift from Trog
 27400 | Spider:1 | Entered Level 1 of the Spider Nest
 27879 | Spider:1 | Reached skill level 15 in Fighting
 28192 | Spider:1 | Received a gift from Trog
 28430 | Spider:1 | Noticed Kirke
 28448 | Spider:1 | Killed Kirke
 29111 | Spider:2 | Found a runed translucent door.
 29655 | Spider:2 | Found the brooch of Shielding {Spirit SH+8}
 29778 | Spider:2 | Reached XP level 16. HP: 137/149 MP: 5/15
 30926 | Spider:3 | Reached skill level 10 in Dodging
 31847 | Spider:3 | Paralysed by fainting for 6 turns
 31919 | Spider:4 | Entered Level 4 of the Spider Nest
 31922 | Spider:4 | Found a runed translucent door.
 31948 | Spider:4 | Noticed raetorn's ghost (adept DsWz)
 32320 | Spider:4 | Killed raetorn's ghost
 32329 | Spider:4 | Got a warped trident
 32372 | Spider:4 | Identified the +7 trident of Lies {freeze, Str+5} (You
                  | found it on level 4 of the Spider Nest)
 32548 | Spider:4 | Reached skill level 16 in Fighting
 32637 | Spider:4 | Reached skill level 1 in Polearms
 32819 | Spider:4 | Received a gift from Trog
 33346 | Spider:4 | Reached skill level 15 in Shields
 33373 | Spider:4 | HP: 5/152 [moth of wrath (14)]
 33374 | Spider:4 | HP: 1/152 [emperor scorpion (5)]
 33374 | Spider:4 | Demolished by a redback

Illustrated notes

Levels and vault maps discovered:
D:1:      erik_arrival_cave_to_civilisation [erik_arrival_cave_to_temple],
          layout_basic
D:2:      layout_rooms, lemuel_coloured_pillars_altar
D:3:      layout_rooms
D:4:      layout_loops_corners, first_ration, serial_shops, shop
D:5:      layout_rooms, gup_ossuary_entry_pyramid, uniq_ijyb
D:6:      layout_loops_corners
D:7:      layout_rooms, minmay_temple_entry_fiery, uniq_menkaure
D:8:      layout_basic, tso_oasis_becter
D:9:      layout_basic, grunt_pizzeria
D:10:     layout_cave_pools, david_lair_generic, serial_shops,
          nicolae_shop_trees, uniq_josephine
D:11:     layout_long_grid, kennysheep_orc_monster_closet_entryway,
          serial_bayou_ford_a, uniq_maurice
D:12:     layout_basic, lemuel_blue_sif_altar
D:13:     layout_stronghold, hangedman_vaults_entry_quadrant_bands, uniq_rupert
D:14:     layout_gridville, serial_ice, serial_ice_d, serial_ice_l,
          serial_ice_a, serial_ice_m, minivault_8
Lair:1:   layout_regular_city, minmay_shattered_shrine, grunt_megastairs_4,
          lemuel_fruit_tree, uniq_maggie, uniq_joseph
Lair:2:   layout_regular_city, minivault_11, st_stairs_3, serial_bayou_pond_a,
          grunt_megastairs_3, serial_bayou_shore_b, serial_bayou_shore_a
Lair:3:   layout_regular_city, lemuel_centaur_altar
Lair:4:   layout_loops_ring, skrybe_swamp_entry_bodies,
          nicolae_spider_entry_orb_guardian, serial_bayou_pond_a
Lair:5:   layout_cellular_growth, minivault_26, chequers_serial_rivers_micro_b,
          wad_woods_road_03
Lair:6:   cheibrodos_lair_end_hotspot, layout_regular_city,
          nicolae_slime_entry_slimehenge
Spider:1: layout_spider_delve, uniq_kirke
Spider:2: cheibrodos_spider_deadly_dance
Spider:3: layout_spider_delve
Spider:4: grunt_spider_rune_parallel, ebering_ghost_reflecting_pool
Orc:1:    layout_diamond_mine, portal_ice_cave_entry_ice_beasts
Orc:2:    pubby_orc_utopia, serial_shops

Skill      XL: |  1  2  3  4  5  6  7  8  9 10 11 12 13 14 15 16 |
---------------+-------------------------------------------------+-----
Fighting       | 4 5 6 7 8 9 11 12 13 14 15 16 | 16.3
Axes           | 4 5 6 8 10 12 14 15 | 15.9
Dodging        | 3 4 5 6 7 9 11 | 11.1
Armour         | 3 5 6 7 8 9 11 12 14 | 14.6
Stealth        | 1 |  1.0
Shields        | 1 3 4 5 7 9 11 13 15 | 15.2
Maces & Flails | 8 12 14 | 14.7
Polearms       | 4 |  4.9

Action                   |  1- 3 |  4- 6 |  7- 9 | 10-12 | 13-15 | 16-18 || total
-------------------------+-------+-------+-------+-------+-------+-------++-------
Melee: Hand axe          |    31 |    87 |   223 |    85 |       |       ||   426
       Headbutt          |     7 |    19 |    89 |   152 |   401 |   131 ||   799
       War axe           |       |       |   137 |   364 |       |       ||   501
       Morningstar       |       |       |       |   226 |  1172 |       ||  1398
       Flail             |       |       |       |    53 |       |       ||    53
       Broad axe         |       |       |       |       |   196 |   322 ||   518
       Great mace        |       |       |       |       |    24 |       ||    24
       Trident           |       |       |       |       |       |   143 ||   143
Invok: Berserk           |     1 |     2 |     7 |    20 |    12 |     2 ||    44
       Trog's Hand       |       |       |     1 |     4 |     3 |     2 ||    10
       Brothers in Arms  |       |       |       |     4 |     7 |     1 ||    12
  Use: Scroll            |       |       |     2 |     6 |    12 |     1 ||    21
       Potion            |       |       |       |     2 |     6 |       ||     8
 Stab: Sleeping          |       |     1 |       |       |       |       ||     1
       Held in net/web   |       |       |       |       |       |     3 ||     3
  Eat: Chunk             |       |     8 |    16 |    40 |    58 |    11 ||   133
       Ration            |       |       |     1 |     2 |     2 |     1 ||     6
Armor: Animal skin       |     8 |     5 |       |       |       |       ||    13
       Chain mail        |       |    24 |   160 |       |       |       ||   184
       Ring mail         |       |       |     6 |   143 |       |       ||   149
       Skin              |       |       |       |    11 |       |       ||    11
       Plate armour      |       |       |       |   109 |   824 |   160 ||  1093
Dodge: Dodged            |    12 |    63 |   155 |   289 |   555 |   186 ||  1260
Block: Buckler           |       |       |    30 |   100 |       |       ||   130
       Kite shield       |       |       |       |   156 |  1001 |   566 ||  1723
